 Dungeon Crawl Stone Soup version 0.25-a0-786-g5b70d41e48 (webtiles) character file.

Game seed: 10480163182135210792, levelgen mode: deterministic

175600 Froggeryz the Bludgeoner (level 17, -10/113 HPs)
             Began as a Gargoyle Wanderer on Apr 12, 2020.
             Was the Champion of Okawaru.
             Mangled by a tentacle (12 damage)
             ... attached to a kraken
             ... on level 1 of the Shoals on Apr 18, 2020.
             The game lasted 01:19:44 (29177 turns).

Froggeryz the Bludgeoner (Gargoyle Wanderer)       Turns: 29177, Time: 01:19:45

Health: -10/113    AC: 40    Str: 29    XL:     17   Next: 81%
Magic:  23/23      EV:  5    Int: 19    God:    Okawaru [******]
Gold:   2601       SH:  0    Dex: 14    Spells: 20/20 levels left

rFire    . . .     SeeInvis +   C - +9 mace "Zuugoc" {vamp, Int+3 Dex+4}
rCold    . . .     Gourm    .   R - +3 warlock's mirror {reflect}
rNeg     + . .     Faith    .   h - +3 chain mail of the Tortoise {-Tele rElec rCorr Stlth+}
rPois    ∞         Spirit   .   M - +0 helmet
rElec    +         Reflect  +   l - +0 cloak
rCorr    +         Harm     .   Z - +2 pair of gloves {archery}
MR       ++...     NoTele   +   F - +2 pair of boots {run}
Stlth    ..........             b - amulet of Balance {+Rage Str+4}
HPRegen  0.68/turn              X - ring of the Crushed Suns {MR+ Str+6}
MPRegen  0.18/turn              H - ring of a Million Lives {+Blink SInv}

@: flying, held, studying Fire Magic, quick
A: big wings, iridescent scales 1, blurry vision 1, negative energy resistance
1, regeneration 1, electricity resistance, unbreathing, petrification
resistance, rot immunity, AC +12
}: 1/15 runes: gossamer
a: Stop Flying, Heroism, Finesse, Renounce Religion, Evoke Blink, Evoke Berserk
Rage


You were on level 1 of the Shoals.
You worshipped Okawaru.
Okawaru was exalted by your worship.
You were hungry.

You visited 6 branches of the dungeon, and saw 29 of its levels.
You also visited: Gauntlet and Ice Cave.

You collected 3433 gold pieces.
You spent 832 gold pieces at shops.

Inventory:

Hand Weapons
 q - a +0 morningstar of draining
 C - the +9 mace "Zuugoc" (weapon) {vamp, Int+3 Dex+4}
   (You found it on level 3 of the Spider Nest)

   It inflicts no extra harm, but heals its wielder when it wounds a living foe.
   It affects your intelligence (+3).
   It affects your dexterity (+4).
Missiles
 r - 63 poisoned darts (quivered)
 G - 25 javelins
Armour
 h - the +3 chain mail of the Tortoise (worn) {-Tele rElec rCorr Stlth+}
   (You found it on level 1 of the Shoals)

   It insulates you from electricity.
   It prevents most forms of teleportation.
   It provides partial protection from all sources of acid and corrosion.
   It makes you more stealthy.
 l - a +0 cloak (worn)
 x - a +3 scale mail of fire resistance
 F - a +2 pair of boots of running (worn)
 J - a +0 kite shield
 M - a +0 helmet (worn)
 R - the +3 warlock's mirror (worn) {reflect}
   (Okawaru gifted it to you on level 4 of the Spider Nest)
 Z - a +2 pair of gloves of archery (worn)
Jewellery
 b - the amulet of Balance (around neck) {+Rage Str+4}
   (You took it off a centaur on level 6 of the Dungeon)

   [amulet of rage]

   It affects your strength (+4).
   It lets you go berserk.
 k - the ring of the Rose {rPois rC+}
   (You took it off a minotaur in a Gauntlet)

   [ring of protection from cold]

   It protects you from cold.
   It protects you from poison.
 o - a +3 ring of intelligence {unknown}
 t - the ring of Roticlui {+Fly rN++}
   (You found it in a Gauntlet)

   [ring of flight]

   It greatly protects you from negative energy.
   It lets you fly.
 B - an uncursed ring of positive energy {unknown}
 H - the ring of a Million Lives (right hand) {+Blink SInv}
   (You found it on level 7 of the Dungeon)

   [ring of see invisible]

   It lets you see invisible.
   It lets you blink.
 X - the ring of the Crushed Suns (left hand) {MR+ Str+6}
   (You found it on level 1 of the Spider Nest)

   [ring of strength]

   It affects your strength (+6).
   It affects your resistance to hostile enchantments.
Wands
 u - a wand of random effects (31)
 y - a wand of disintegration (22)
 z - a wand of digging (5)
 A - a wand of polymorph (7)
 K - a wand of iceblast (36)
 N - a wand of acid (6)
 T - a wand of scattershot (12)
 Y - a wand of paralysis (12)
Scrolls
 g - 3 scrolls of enchant weapon
 i - 6 scrolls of fog
 n - 10 scrolls of remove curse
 p - 2 scrolls of blinking
 s - a scroll of holy word
 I - 6 scrolls of immolation
 P - 3 scrolls of magic mapping
 Q - 3 scrolls of enchant armour
 S - 5 scrolls of teleportation
Potions
 c - 5 potions of ambrosia
 d - 3 potions of cancellation
 m - 4 potions of might
 w - a potion of resistance
 D - 12 potions of curing
 E - 3 potions of haste
 L - 2 potions of mutation
 O - a potion of invisibility
Books
 v - a manual of Fire Magic
Miscellaneous
 j - 2 phantom mirrors
 U - a lightning rod (4/4)
Comestibles
 f - 44 rations


   Skills:
 + Level 15.6 Fighting
 - Level 18.6 Maces & Flails
   Level 1.0 Bows
 - Level 12.0 Armour
 - Level 2.1 Stealth
 - Level 15.0 Shields
 - Level 2.0 Spellcasting
   Level 1.0 Translocations
 + Level 8.7 Invocations
 - Level 5.0 Evocations


You had 20 spell levels left.
You didn't know any spells.
Your spell library contained the following spells:

 Spells                   Type           Power        Failure   Level  Hunger
 Beastly Appendage        Tmut           #.....       54%         1    #......
 Corona                   Hex            #......      54%         1    #......
 Magic Dart               Conj           #...         54%         1    #......
 Sandblast                Erth           #.....       54%         1    #......
 Blink                    Tloc           N/A          54%         2    ###....
 Shroud of Golubria       Chrm/Tloc      #.....       61%         2    ###....
 Call Imp                 Summ           #.......     67%         2    ###....
 Corpse Rot               Necr/Air       N/A          67%         2    ###....
 Ensorcelled Hibernation  Hex/Ice        #.....       67%         2    ###....
 Passwall                 Tmut/Erth      #.......     67%         2    ###....
 Slow                     Hex            #.......     67%         2    ###....
 Sticks to Snakes         Tmut           #.......     67%         2    ###....
 Gell's Gravitas          Tloc           #.........   77%         3    ###....
 Lesser Beckoning         Tloc           #.........   77%         3    ###....
 Teleport Other           Tloc           #.......     77%         3    ###....
 Portal Projectile        Hex/Tloc       #.....       83%         3    ###....
 Confusing Touch          Hex            #.......     88%         3    ###....
 Conjure Flame            Conj/Fire      #.......     88%         3    ###....
 Dazzling Flash           Conj/Hex       #.....       88%         3    ###....
 Inner Flame              Hex/Fire       #.......     88%         3    ###....
 Mephitic Cloud           Conj/Pois/Air  #.......     88%         3    ###....
 Spider Form              Tmut/Pois      #.........   88%         3    ###....
 Stone Arrow              Conj/Erth      #.....       88%         3    ###....
 Tukima's Dance           Hex            #.......     88%         3    ###....
 Cause Fear               Hex            #.........   99%         4    #####..
 Ice Form                 Ice/Tmut       #.......     99%         4    #####..
 Leda's Liquefaction      Hex/Erth       #.........   99%         4    #####..
 Passage of Golubria      Tloc           N/A          99%         4    #####..
 Petrify                  Tmut/Erth      #.......     99%         4    #####..
 Summon Lightning Spire   Summ/Air       #.......     99%         4    #####..
 Blade Hands              Tmut           #.........   100%        5    ######.
 Irradiate                Conj/Tmut      #.........   100%        5    ######.
 Lee's Rapid Deconstruct  Erth           #.........   100%        5    ######.
 Metabolic Englaciation   Hex/Ice        #.........   100%        5    ######.
 Silence                  Hex/Air        #.........   100%        5    ######.
 Summon Forest            Summ/Tloc      #.........   100%        5    ######.
 Conjure Ball Lightning   Conj/Air       #.........   100%        6    #######
 Deflect Missiles         Chrm/Air       #.........   100%        6    #######
 Eringya's Noxious Bog    Tmut/Pois      #.........   100%        6    #######
 Freezing Cloud           Conj/Ice/Air   #.........   100%        6    #######
 Hydra Form               Tmut           #.........   100%        6    #######
 Ozocubu's Refrigeration  Ice            #.........   100%        6    #######
 Simulacrum               Ice/Necr       #.........   100%        6    #######
 Dragon Form              Tmut           #.........   100%        7    #######
 Summon Hydra             Summ           #.........   100%        7    #######
 Tornado                  Air            #.........   100%        9    #######
 Statue Form              Tmut/Erth      Unusable     N/A         6    N/A

Dungeon Overview and Level Annotations

Branches:
Dungeon (15/15)            Temple (1/1) D:4            Lair (6/6) D:10
 Shoals (1/4) Lair:2       Spider (4/4) Lair:2        Slime (0/5) Lair:6
    Orc (2/2) D:11            Elf (0/3) Orc:2        Vaults (0/5) D:13
 Depths (0/5) D:15          IceCv (visited)         Gauntlet (visited)

Altars:
Ashenzari
Cheibriados
Dithmenos
Elyvilon
Fedhas
Gozag
Hepliaklqana
Kikubaaqudgha
Makhleb
Nemelex Xobeh
Okawaru
Qazlal
Ru
Sif Muna
Trog
Uskayaw
Vehumet
Wu Jian
Xom
Yredelemnul
Zin
The Shining One

Shops:
D:12 (}*:   D:14 (   Orc:2 ?%!}

Annotations:
Lair:6 exclusion: 6 oklob plants


Innate Abilities, Weirdness & Mutations

You are resistant to torment.
Your stone body is resilient. (AC +12)
You are immune to poison.
Your large and strong wings let you fly indefinitely.
You resist negative energy. (rN+)
You are resistant to electric shocks. (rElec)
You can survive without breathing.
You are immune to petrification.
You are immune to rotting.
You are partially covered in iridescent scales. (AC +2)
Scrolls take you a little longer to read.
Your natural rate of healing is unusually fast.


Message History

Unknown command.
You struggle against the net.
The tentacle slaps you but does no damage. x2
A tentacle segment bursts forth from the water.
The tentacle slaps you!
* * * LOW HITPOINT WARNING * * *
The tentacle slaps you.
* * * LOW HITPOINT WARNING * * *
The kraken bites you but does no damage.
The tentacle slaps you but does no damage.
You struggle against the net.
The tentacle slaps you but does no damage.
The tentacle slaps you!
* * * LOW HITPOINT WARNING * * *
The tentacle slaps you but does no damage. x2
A tentacle segment bursts forth from the water. x2
The kraken bites you but does no damage.
The tentacle slaps you but does no damage.
The tentacle slaps you!
You die...

#≈≈≈≈≈≈≈≈≈≈≈≈≈≈≈≈≈≈≈ ≈≈≈≈≈≈≈
#≈≈≈≈≈≈≈≈≈≈≈≈≈≈≈≈≈≈≈≈ ≈≈≈≈≈≈≈≈
#≈≈≈≈≈≈≈≈≈≈≈≈≈≈≈≈≈≈≈≈ ≈≈≈≈≈≈≈≈
#≈≈≈≈≈≈≈≈≈≈≈≈≈≈≈≈≈≈≈≈ ≈≈≈≈≈≈≈≈
#≈≈≈≈≈≈≈≈≈≈≈≈≈≈≈≈≈≈≈≈ ≈≈≈≈≈≈≈≈
#≈≈≈≈≈≈≈≈≈≈≈≈≈≈≈≈≈≈≈≈ ..≈≈≈≈≈≈
#≈≈≈≈≈≈≈≈≈≈≈≈≈≈≈≈≈≈≈≈ ...≈≈≈≈≈
#≈≈≈≈≈≈≈≈≈≈≈Xww≈≈≈≈≈. ##.≈≈≈≈.
#≈≈≈≈≈≈≈≈≈≈≈w@≈≈m≈≈≈. #.≈≈≈≈≈.
#≈≈≈≈≈≈≈≈≈≈≈w≈≈....≈≈..≈≈≈≈≈†.
#≈≈≈≈≈≈≈≈≈≈≈≈≈......≈≈≈≈≈≈≈≈..
#≈≈≈≈≈≈≈≈≈≈≈≈...##..≈≈≈≈≈≈≈≈..
#≈≈≈≈≈≈≈≈≈≈≈...## .≈≈≈≈≈≈≈≈..
#≈≈≈≈≈≈≈≈≈≈≈...# ≈≈≈≈≈≈≈≈...
#≈≈≈≈≈≈≈≈≈≈≈≈..# >≈≈≈≈≈≈≈....
#≈≈≈≈≈≈≈≈≈≈≈...###≈.≈≈≈≈≈≈....
#≈≈≈≈≈≈≈≈≈≈≈≈≈≈...≈≈≈≈≈≈≈..#..


You could see a kraken, a merfolk and 4 tentacles.

Vanquished Creatures
  Rupert (Lair:5)
  Kirke (Lair:4)
  A frost giant (IceCv)
  4 ghost moths
  2 emperor scorpions
  The ghost of fly the Carver, a journeyman HuGl of the Shining One (Lair:6)
  5 entropy weavers
  The ghost of vlindergert the Severer, a journeyman MiFi of Makhleb (Orc:1)
  2 spark wasps (Spider:4)
  A death ooze (Gauntlet)
  A merfolk impaler (Shoals:1)
  A yaktaur captain (D:15)
  Harold (D:8)
  6 hydras
  A rakshasa (D:15)
  3 catoblepae (Lair:6)
  2 centaur warriors (D:15)
  A merfolk aquamancer (Shoals:1)
  12 two-headed ogres
  2 dancing weapons (D:13)
  An alligator snapping turtle (Shoals:1)
  9 death yaks
  A death knight (D:14)
  A hell hog (Gauntlet)
  An orc high priest (Orc:2)
  3 skeletal warriors (D:15)
  2 unseen horrors
  A sea snake (Shoals:1)
  6 harpies (Shoals:1)
  An oklob plant (Orc:1)
  2 fauns (Shoals:1)
  4 orc sorcerers
  5 deep elf magi
  18 orb spiders
  31 wolf spiders
  2 manticores (Lair:6)
  3 cyclopes
  2 ugly things
  An ice statue (IceCv)
  A moth of wrath (Spider:4)
  6 elephants (Lair:5)
  5 black mambas
  A merfolk siren (Shoals:1)
  2 centaur skeletons
  A water nymph (Shoals:1)
  16 spiny frogs
  A gargoyle (D:13)
  2 torpor snails (Spider:4)
  Maggie (D:8)
  7 komodo dragons
  8 demonic crawlers
  2 freezing wraiths (D:14)
  A merfolk (Shoals:1)
  3 rime drakes
  2 ice devils (Orc:2)
  28 jumping spiders
  4 trolls
  23 polar bears
  A queen bee (Lair:2)
  10 hornets
  13 hippogriffs
  12 blink frogs
  4 dream sheep (Lair:6)
  A snapping turtle (Shoals:1)
  86 redbacks
  A centaur simulacrum (D:15)
  5 shadows
  A wraith (D:15)
  A vampire (D:13)
  4 water elementals
  5 wyverns
  51 yaks
  2 fire bats (Gauntlet)
  28 tarantellas
  A human (D:9)
  2 basilisks
  8 vampire mosquitoes
  2 hungry ghosts (D:13)
  9 hogs
  2 acid dragons
  3 hell hounds (Gauntlet)
  13 water moccasins
  A floating eye (Lair:6)
  9 porcupines
  2 sky beasts
  15 orc warriors
  An ice beast (D:14)
  A phantom (D:6)
  An eye of draining (D:12)
  9 centaurs
  5 ogres
  21 wolves
  8 crocodiles
  A big kobold (D:9)
  16 bullfrogs
  A wyvern zombie (D:10)
  A wyvern skeleton (D:11)
  2 scorpions
  38 killer bees
  12 wights
  5 electric eels
  8 howler monkeys
  4 crimson imps
  A quasit (D:8)
  3 centaur zombies
  3 jellies
  12 orc priests
  5 hounds
  2 bullfrog skeletons (D:13)
  3 iguanas
  31 orc wizards
  15 worker ants
  2 hell rats (Lair:3)
  A killer bee zombie (D:5)
  A howler monkey zombie (D:6)
  9 gnolls
  5 adders
  A howler monkey skeleton (D:7)
  11 river rats (Lair:3)
  4 shadow imps
  An ooze (D:2)
  4 adder skeletons
  An adder zombie (D:7)
  4 worms
  A dart slug (D:2)
  3 leopard geckos
  68 orcs
  2 bats
  7 giant cockroaches
  8 goblins
  5 hobgoblins
  12 jackals
  17 kobolds
  4 quokkas
  3 ball pythons
  5 frilled lizards
  A leopard gecko zombie (D:6)
  2 quokka skeletons
  3 quokka zombies
  15 rats
  A tentacle (Shoals:1)
959 creatures vanquished.

Vanquished Creatures (collateral kills)
  A minotaur (Gauntlet)
1 creature vanquished.

Vanquished Creatures (others)
  A ghost moth (Spider:4)
  A jumping spider (Spider:4)
  A redback (Spider:2)
  A basilisk (Lair:5)
  A wolf (IceCv)
  3 orc wizards (Orc:2)
  10 fungi
  15 plants
  A tentacle (Shoals:1)
34 creatures vanquished.

Grand Total: 994 creatures vanquished

Notes
Turn   | Place    | Note
-------+----------+-------------------------------------------
     0 | D:1      | Froggeryz the Gargoyle Wanderer began the quest for the
                  | Orb.
     0 | D:1      | Froggeryz set off with the following items: a +2 shortbow,
                  | 23 arrows, a scroll of teleportation, a +0 ring mail, a +0
                  | dagger, a ration
     0 | D:1      | Reached XP level 1. HP: 12/12 MP: 3/3
   177 | D:1      | Reached XP level 2. HP: 18/18 MP: 5/5
   802 | D:2      | Reached skill level 1 in Maces & Flails
   834 | D:2      | Reached XP level 3. HP: 23/23 MP: 6/6
   920 | D:2      | Reached skill level 2 in Maces & Flails
   976 | D:2      | Noticed a phantom
  1269 | D:2      | Found a faded altar of an unknown god.
  1685 | D:3      | Reached XP level 4. HP: 12/28 MP: 7/7
  1972 | D:3      | Found a snail-covered altar of Cheibriados.
  2006 | D:3      | Found a glowing silver altar of Zin.
  2021 | D:3      | Found a stormy altar of Qazlal.
  2120 | D:3      | Reached skill level 3 in Maces & Flails
  2140 | D:3      | Reached skill level 4 in Maces & Flails
  2140 | D:3      | Reached XP level 5. HP: 17/32 MP: 8/8
  2385 | D:3      | Found an iron altar of Okawaru.
  2402 | D:3      | Became a worshipper of Warmaster Okawaru
  2607 | D:3      | Found a shattered altar of Ashenzari.
  2860 | D:4      | Reached skill level 5 in Maces & Flails
  2860 | D:4      | Reached XP level 6. HP: 33/37 MP: 9/9
  2885 | D:4      | Found a staircase to the Ecumenical Temple.
  3398 | D:4      | Gained mutation: Scrolls take you a little longer to read.
                  | [potion of mutation]
  3398 | D:4      | Gained mutation: Your natural rate of healing is unusually
                  | fast. [potion of mutation]
  3398 | D:4      | Gained mutation: You are partially covered in iridescent
                  | scales. (AC +2) [potion of mutation]
  3429 | D:4      | Reached skill level 6 in Maces & Flails
  3665 | D:4      | Reached XP level 7. HP: 38/41 MP: 10/10
  3740 | D:4      | Reached * piety under Okawaru
  3753 | D:4      | Reached skill level 7 in Maces & Flails
  4087 | Temple   | Entered the Ecumenical Temple
  4256 | D:5      | Entered Level 5 of the Dungeon
  4655 | D:5      | Reached skill level 8 in Maces & Flails
  4780 | D:5      | You fall into a shaft and drop 3 floors!
  4813 | D:7      | Reached skill level 1 in Evocations
  4813 | D:7      | Reached XP level 8. HP: 46/46 MP: 11/11
  4936 | D:6      | Reached ** piety under Okawaru
  5071 | D:6      | Reached skill level 9 in Maces & Flails
  5634 | D:6      | Identified the amulet of Balance {+Rage Str+4}
  5651 | D:6      | Reached *** piety under Okawaru
  5651 | D:6      | Reached skill level 10 in Maces & Flails
  5651 | D:6      | Reached XP level 9. HP: 51/51 MP: 9/12
  6207 | D:7      | Got a faintly glowing glass ring
  6210 | D:7      | Identified the ring of a Million Lives {+Blink SInv} (You
                  | found it on level 7 of the Dungeon)
  6359 | D:7      | Reached skill level 11 in Maces & Flails
  6570 | D:8      | Reached skill level 5 in Evocations
  6584 | D:8      | Noticed Harold
  6588 | D:8      | Reached **** piety under Okawaru
  6727 | D:8      | Killed Harold
  6727 | D:8      | Reached ***** piety under Okawaru
  6727 | D:8      | Reached skill level 12 in Maces & Flails
  6727 | D:8      | Reached XP level 10. HP: 56/56 MP: 13/13
  6834 | D:8      | Noticed Maggie
  6861 | D:8      | Killed Maggie
  6881 | D:8      | Reached skill level 13 in Maces & Flails
  7484 | D:9      | Received a gift from Okawaru
  7713 | D:9      | Found a burning altar of Makhleb.
  7852 | D:10     | Entered Level 10 of the Dungeon
  8011 | D:10     | Reached skill level 5 in Fighting
  8035 | D:10     | Reached skill level 14 in Maces & Flails
  8139 | D:10     | Reached XP level 11. HP: 63/64 MP: 14/14
  8146 | D:10     | Reached skill level 1 in Shields
  8407 | D:10     | Noticed a two-headed ogre
  8520 | D:10     | Noticed a two-headed ogre
  8536 | D:10     | Killed a two-headed ogre
  8543 | D:10     | Killed a two-headed ogre
  8543 | D:10     | Reached skill level 5 in Shields
  8703 | D:10     | Found a staircase to the Lair.
  8807 | Lair:1   | Entered Level 1 of the Lair of Beasts
  9134 | Lair:1   | Reached ****** piety under Okawaru
  9247 | Lair:1   | Received a gift from Okawaru
  9259 | Lair:1   | Got a faintly glowing bardiche {god gift}
  9342 | Lair:1   | Identified the +1 bardiche of the Spider {drain, *Slow rF+
                  | rC+ Str+5} (Okawaru gifted it to you on level 1 of the Lair
                  | of Beasts)
 10033 | Lair:2   | Found a hole to the Spider Nest.
 10085 | Lair:2   | Reached XP level 12. HP: 59/73 MP: 15/15
 10426 | Lair:2   | Received a gift from Okawaru
 10597 | Lair:2   | Reached skill level 10 in Shields
 11000 | Lair:2   | Found a staircase to the Shoals.
 11371 | Shoals:1 | Entered Level 1 of the Shoals
 11549 | Lair:3   | Received a gift from Okawaru
 12475 | Lair:4   | Reached skill level 5 in Armour
 12706 | Lair:4   | Noticed a death yak
 12730 | Lair:4   | Killed a death yak
 12730 | Lair:4   | Reached XP level 13. HP: 58/80 MP: 16/16
 13474 | Lair:5   | Noticed Kirke
 13690 | Lair:4   | Killed Kirke
 13690 | Lair:4   | Received a gift from Okawaru
 13708 | Lair:4   | Identified a +1 pair of boots of running (Okawaru gifted it
                  | to you on level 4 of the Lair of Beasts)
 14152 | Lair:5   | Noticed Rupert
 14183 | Lair:5   | Killed Rupert
 14401 | Lair:6   | Entered Level 6 of the Lair of Beasts
 14556 | Lair:6   | Paralysed by a floating eye for 2 turns
 14722 | Lair:6   | Found a runed translucent gate.
 14722 | Lair:6   | Found a runed translucent gate.
 14722 | Lair:6   | Found a runed translucent gate.
 14722 | Lair:6   | Noticed fly's ghost (journeyman HuGl)
 14761 | Lair:6   | Reached skill level 15 in Maces & Flails
 14808 | Lair:6   | Found a shimmering altar of Xom.
 14922 | Lair:6   | Reached skill level 15 in Shields
 14922 | Lair:6   | Gained mutation: Your large and strong wings let you fly
                  | indefinitely. [Gargoyle growth]
 14922 | Lair:6   | Reached XP level 14. HP: 85/86 MP: 17/17
 15081 | Lair:6   | Killed fly's ghost
 15268 | Lair:6   | Received a gift from Okawaru
 15269 | Lair:6   | Got a transparent longbow {god gift}
 15613 | Lair:6   | Received a gift from Okawaru
 15630 | Lair:6   | Got a faintly glowing plate armour {god gift}
 15633 | Lair:6   | Identified the +0 plate armour of Old and Reckless {SInv}
                  | (Okawaru gifted it to you on level 6 of the Lair of Beasts)
 16067 | Lair:6   | Found a staircase to the Slime Pits.
 16306 | D:11     | Reached skill level 16 in Maces & Flails
 16499 | D:11     | Found a staircase to the Orcish Mines.
 16612 | D:11     | Found a gate leading to a gauntlet.
 16621 | Gauntlet | Entered a Gauntlet
 16621 | Gauntlet | Found a transporter.
 16625 | Gauntlet | Found a transporter.
 16626 | Gauntlet | Found a transporter.
 16630 | Gauntlet | Found a runed translucent door.
 16630 | Gauntlet | Found a runed translucent door.
 16641 | Gauntlet | Found a transporter.
 16643 | Gauntlet | Found a transporter.
 16652 | Gauntlet | Found a transporter.
 16668 | Gauntlet | Found a transporter.
 16678 | Gauntlet | Found a transporter.
 16688 | Gauntlet | Found a transporter.
 16702 | Gauntlet | Found a transporter.
 16712 | Gauntlet | Found a transporter.
 16714 | Gauntlet | Found a transporter.
 16769 | Gauntlet | Found a transporter.
 16793 | Gauntlet | Found a transporter.
 17031 | Gauntlet | Got a scintillating turquoise ring
 17035 | Gauntlet | Identified the ring of Roticlui {+Fly rN++} (You found it
                  | in a Gauntlet)
 17046 | Gauntlet | Identified the ring of the Rose {rPois rC+}
 17537 | D:12     | Found Nuecinom's Weapon Shop.
 17583 | D:12     | Reached skill level 17 in Maces & Flails
 17584 | D:12     | Found Riutt's Gadget Emporium.
 17775 | D:12     | Found Caddea's Assorted Antiques.
 17789 | D:12     | Received a gift from Okawaru
 17854 | D:12     | Found Jetiuc's Book Shop.
 18228 | Orc:1    | Entered Level 1 of the Orcish Mines
 18479 | Orc:1    | You fall into a shaft and drop 1 floor!
 18479 | Orc:2    | Entered Level 2 of the Orcish Mines
 18525 | Orc:2    | Reached XP level 15. HP: 82/92 MP: 18/18
 18543 | Orc:2    | Found a staircase to the Elven Halls.
 18552 | Orc:2    | Found a frozen archway.
 18567 | IceCv    | Entered an ice cave
 18982 | IceCv    | Received a gift from Okawaru
 18987 | IceCv    | Got a jewelled ring mail {god gift}
 18990 | IceCv    | Identified the +1 ring mail of Marbles {rElec Dex+2 Slay+2}
                  | (Okawaru gifted it to you in an ice cave)
 19114 | IceCv    | Reached skill level 18 in Maces & Flails
 19341 | IceCv    | Noticed a frost giant
 19369 | IceCv    | Killed a frost giant
 19498 | Orc:2    | Found Yppaorurph's Magic Scroll Shop.
 19498 | Orc:2    | Found Ukheuroa's Food Shop.
 19499 | Orc:2    | Found Yvomol's Gadget Boutique.
 19862 | Orc:2    | Found Acimaug's Distillery.
 19969 | Orc:2    | Bought a scroll of acquirement for 832 gold pieces
 20259 | Orc:2    | Paralysed by an orc sorcerer for 5 turns
 20459 | Orc:1    | Found a runed translucent door.
 20459 | Orc:1    | Noticed vlindergert's ghost (journeyman MiFi)
 20539 | Orc:1    | Killed vlindergert's ghost
 21055 | D:13     | Reached skill level 10 in Fighting
 21224 | D:13     | Found a gate to the Vaults.
 21839 | D:14     | Found Konnojeg's Weapon Boutique.
 22317 | D:15     | Entered Level 15 of the Dungeon
 22450 | D:15     | Received a gift from Okawaru
 22451 | D:15     | Got a heavy robe {god gift}
 22454 | D:15     | Identified the +0 robe "Teboonn" {rF+} (Okawaru gifted it
                  | to you on level 15 of the Dungeon)
 22573 | D:15     | Reached XP level 16. HP: 97/100 MP: 19/19
 22732 | D:15     | Found a staircase to the Depths.
 23435 | Spider:1 | Entered Level 1 of the Spider Nest
 23708 | Spider:1 | Reached skill level 10 in Armour
 23843 | Spider:1 | Got an ancient iron ring
 23874 | Spider:1 | Upgraded the game from 0.25-a0-737-g26c3a87c45 to
                  | 0.25-a0-786-g5b70d41e48
 24780 | Spider:2 | Received a gift from Okawaru
 26184 | Spider:3 | Identified the ring of the Crushed Suns {MR+ Str+6} (You
                  | found it on level 1 of the Spider Nest)
 26355 | Spider:3 | Got a transparent mace
 26358 | Spider:3 | Identified the +9 mace "Zuugoc" {vamp, Int+3 Dex+4} (You
                  | found it on level 3 of the Spider Nest)
 26414 | Spider:3 | Reached skill level 1 in Invocations
 26498 | Spider:3 | Reached XP level 17. HP: 110/110 MP: 6/20
 26835 | Spider:4 | Entered Level 4 of the Spider Nest
 26873 | Spider:4 | Received a gift from Okawaru
 26874 | Spider:4 | Found the +3 warlock's mirror {reflect}
 27313 | Spider:4 | Reached skill level 5 in Invocations
 27797 | Spider:4 | Reached skill level 15 in Fighting
 27864 | Spider:4 | Received a gift from Okawaru
 27868 | Spider:4 | Got a slimy falchion {god gift}
 27872 | Spider:4 | Identified the +7 falchion of Kilei {vamp, rPois} (Okawaru
                  | gifted it to you on level 4 of the Spider Nest)
 28083 | Spider:4 | Got a gossamer rune of Zot
 28914 | Shoals:1 | Got a distressingly furry chain mail
 28926 | Shoals:1 | Identified the +3 chain mail of the Tortoise {-Tele rElec
                  | rCorr Stlth+} (You found it on level 1 of the Shoals)
 29144 | Shoals:1 | Noticed a kraken
 29174 | Shoals:1 | HP: 1/113 [tentacle[a kraken] (15)]
 29177 | Shoals:1 | Mangled by a tentacle

Levels and vault maps discovered:
D:1:      dpeg_arrival_renting, layout_loops_ring
D:2:      layout_loops_ring, chequers_ecumenical_altar_simple_redux
D:3:      layout_basic, nicolae_overflow_quartered_altars, okawaru_trees_2,
          kennysheep_boxes
D:4:      cheibrodos_pilgrimage, layout_basic, minmay_temple_entry_hall,
          portal_sewer_entry_b, grunt_ministairs_9, minmay_manual_mail
D:5:      layout_basic, first_ration
D:6:      layout_basic
D:7:      layout_cave_pools, serial_park, serial_park_square1
          [serial_park_minivault_5x5_2]
D:8:      layout_rooms, enter_bailey_7, uniq_maggie, uniq_harold
D:9:      layout_basic, bloody_makhleb, grunt_livestock
D:10:     layout_rooms, david_lair_shrubbed
D:11:     layout_small_grid, orc_0_dummy, gauntlet_entry_generic
D:12:     layout_loops_ring, serial_shops, shop, shop, shop, shop,
          chequers_avenue
D:13:     layout_rooms, erik_vaults_1, minmay_fountain_box
D:14:     layout_small_grid, serial_shops, kennysheep_mini_moat,
          kennysheep_pointless_box
D:15:     grunt_enter_depths_snipers, layout_irregular_city, serial_bayou_ford_a
Temple:   eino_temple_rhombus
Lair:1:   layout_roguey, beast_lair_carwin_4, serial_bayou_shore_b,
          grunt_megastairs_5, infiniplex_staircase_pool_2
Lair:2:   layout_roguey [special_room_bee], shoals_dummy_entry,
          spider_nest_entry_a, st_stairs_12, grunt_megastairs_2
Lair:3:   layout_regular_city, kennysheep_rathole
Lair:4:   layout_cave_shapes, beast_lair_carwin_7
Lair:5:   layout_cave_shapes, serial_bayou, serial_bayou_pond_e,
          serial_bayou_shore_b, serial_bayou_shore_a, serial_bayou_lagoon_a,
          uniq_kirke, uniq_rupert
Lair:6:   evilmike_catoblepas_cave, layout_cave_pods,
          minmay_slime_entry_oklob_open, ebering_ghost_rock_garden, basic_altar,
          disabler_island
Shoals:1: layout_shoals, nicolae_shoals_dead_sea_scrolls
Spider:1: layout_spider_delve
Spider:2: layout_spider_delve
Spider:3: layout_spider_delve, nicolae_orb_stairs, nicolae_spider_cling_ruins
Spider:4: grunt_spider_rune_parallel
Orc:1:    layout_caves, gammafunk_ghost_grave, mines3_lemuel
Orc:2:    st_orc_mages, layout_caves, portal_ice_cave_demonic_guard

Skill      XL: |  1  2  3  4  5  6  7  8  9 10 11 12 13 14 15 16 17 |
---------------+----------------------------------------------------+-----
Fighting       | 3 5 8 9 11 13 15 | 15.6
Maces & Flails | 1 2 4 5 6 8 10 12 14 15 17 18 | 18.6
Evocations     | 1 3 5 |  5.0
Shields        | 8 12 15 | 15.0
Armour         | 5 6 9 12 | 12.0
Invocations    | 2 8 |  8.7
Bows           | |  1.0
Stealth        | |  2.1
Spellcasting   | |  2.0
Translocations | |  1.0

Action                   |  1- 3 |  4- 6 |  7- 9 | 10-12 | 13-15 | 16-18 || total
-------------------------+-------+-------+-------+-------+-------+-------++-------
Melee: Whip              |    95 |   173 |   283 |       |       |       ||   551
       Flail             |       |    37 |   310 |  1290 |  1207 |       ||  2844
       Morningstar       |       |       |       |       |  1061 |   685 ||  1746
       Mace              |       |       |       |       |       |   784 ||   784
 Fire: Shortbow          |    45 |       |       |       |       |       ||    45
Throw: Dart              |       |     1 |     4 |     4 |       |       ||     9
 Abil: Evoke Berserk Rag |       |       |     2 |     4 |     4 |       ||    10
       Fly               |       |       |       |       |       |     1 ||     1
Evoke: Wand              |       |       |     4 |     6 |     4 |     4 ||    18
       Tin of tremorston |       |       |       |       |       |     1 ||     1
  Use: Potion            |       |     7 |       |     8 |     1 |     5 ||    21
       Scroll            |       |       |     5 |    12 |    14 |     9 ||    40
 Stab: Sleeping          |     1 |       |       |     2 |       |       ||     3
       Paralysed         |       |       |     2 |       |       |       ||     2
       Held in net/web   |       |       |       |       |       |     1 ||     1
  Eat: Chunk             |     6 |    16 |     4 |    18 |    34 |    11 ||    89
       Ration            |       |       |       |     2 |     2 |     3 ||     7
Armor: Ring mail         |    57 |   101 |   369 |       |       |       ||   527
       Scale mail        |       |       |       |   912 |  1089 |  1393 ||  3394
       Storm dragon scal |       |       |       |       |     1 |       ||     1
       Chain mail        |       |       |       |       |       |    67 ||    67
Dodge: Dodged            |    57 |   100 |   290 |   571 |   607 |   738 ||  2363
Block: Buckler           |       |       |       |   120 |   313 |   547 ||   980
       Kite shield       |       |       |       |    47 |   852 |   659 ||  1558
       Reflection        |       |       |       |       |       |     5 ||     5

Table legend:
 A = Non-vault XP
 B = Vault XP
 C = Vault XP percentage of total XP
 D = Non-vault monster count
 E = Vault monster count
 F = Vault count percentage of total count
                 A         B        C        D         E       F
            +---------+---------+-------+---------+---------+-------
      Total |  147515 |   84772 |  36.5 |     674 |     286 |  29.8
            +---------+---------+-------+---------+---------+-------
        D:1 |      26 |       0 |   0.0 |      16 |       0 |   0.0
        D:2 |      43 |       0 |   0.0 |      18 |       0 |   0.0
        D:3 |     221 |      35 |  13.7 |      29 |       1 |   3.3
        D:4 |     248 |     253 |  50.5 |      19 |      15 |  44.1
        D:5 |     290 |       0 |   0.0 |      25 |       0 |   0.0
        D:6 |    1677 |       0 |   0.0 |      33 |       0 |   0.0
        D:7 |    1141 |       0 |   0.0 |      29 |       0 |   0.0
        D:8 |    1237 |    1413 |  53.3 |      17 |       6 |  26.1
        D:9 |     798 |     988 |  55.3 |      20 |       5 |  20.0
       D:10 |    4195 |     389 |   8.5 |      28 |       1 |   3.4
       D:11 |    5983 |       0 |   0.0 |      24 |       0 |   0.0
       D:12 |    5321 |       0 |   0.0 |      17 |       0 |   0.0
       D:13 |    6497 |    1808 |  21.8 |      34 |       2 |   5.6
       D:14 |    7334 |       0 |   0.0 |      25 |       0 |   0.0
       D:15 |    8547 |    2483 |  22.5 |      15 |       3 |  16.7
     Lair:1 |    2855 |    2342 |  45.1 |      11 |       9 |  45.0
     Lair:2 |    2030 |    2875 |  58.6 |      10 |      27 |  73.0
     Lair:3 |    4542 |     593 |  11.5 |      19 |      16 |  45.7
     Lair:4 |    3421 |    6099 |  64.1 |      13 |      16 |  55.2
     Lair:5 |    5553 |    2936 |  34.6 |      20 |       1 |   4.8
     Lair:6 |    9740 |   13141 |  57.4 |      27 |      25 |  48.1
   Shoals:1 |   10536 |       0 |   0.0 |      20 |       0 |   0.0
   Spider:1 |   22433 |       0 |   0.0 |      63 |       0 |   0.0
   Spider:2 |    8459 |       0 |   0.0 |      34 |       0 |   0.0
   Spider:3 |   17709 |    2547 |  12.6 |      41 |       5 |  10.9
   Spider:4 |   14601 |   20462 |  58.4 |      39 |      45 |  53.6
      Orc:1 |    1374 |    2930 |  68.1 |      10 |       9 |  47.4
      Orc:2 |     704 |    4453 |  86.3 |      18 |      31 |  63.3
      IceCv |       0 |   14512 | 100.0 |       0 |      57 | 100.0
   Gauntlet |       0 |    4513 | 100.0 |       0 |      12 | 100.0
            +---------+---------+-------+---------+---------+-------
